 Dungeon Crawl Stone Soup version 0.30-a0-39-g42789b21ef (webtiles) character file.

Game seed: 14690781162664578246

6 ytrimaz the Insei (level 1, 0/13 HPs)
             Began as an Octopode Transmuter on Aug 28, 2022.
             Slain by a hobgoblin (1 damage)
             ... on level 1 of the Dungeon on Aug 29, 2022.
             The game lasted 00:01:20 (347 turns).

ytrimaz the Insei (Octopode Transmuter)              Turns: 347, Time: 00:01:21

Health: 0/13       AC:  1    Str:  9    XL:     1   Next: 90%
Magic:  2/3        EV: 13    Int: 15    God:
Gold:   32         SH:  0    Dex: 12    Spells: 3/4 levels left

rFire   . . .      SeeInvis .      - Unarmed
rCold   . . .      Faith    .    (no shield)
rNeg    . . .      Spirit   .    (helmet currently unavailable)
rPois   .          Reflect  .    (no amulet)
rElec   .          Harm     .    (no ring)
rCorr   .          Rampage  .    (no ring)
Will    .....                    (no ring)
Stlth   ++........               (no ring)
HPRegen 0.04/turn                (no ring)
MPRegen 0.08/turn                (no ring)
                                 (no ring)
                                 (no ring)

@: appendages (expiring)
A: tentacle spike 3, almost no armour, amphibious, 8 rings, camouflage 1,
gelatinous body 1, (nimble swimmer 1), tentacles
a: End Transformation


You were on level 1 of the Dungeon.
One of your tentacles had grown a beastly spike.
You visited 1 branch of the dungeon, and saw 1 of its levels.

You collected 32 gold pieces.

Inventory:

Scrolls
 b - a scroll of fear {unknown}
 c - a scroll of enchant armour {unknown}
 d - a scroll of magic mapping {unknown}
Potions
 a - a potion of lignification
 e - 2 potions of degeneration {unknown}


   Skills:
 - Level 1.0 Fighting
 - Level 2.0 Dodging
 + Level 3.4 Unarmed Combat
 - Level 2.0 Spellcasting
 - Level 2.0 Transmutations


You had 3 spell levels left.
You knew the following spells:

 Your Spells              Type           Power      Damage    Failure   Level
a - Beastly Appendage     Tmut           14%        N/A       10%         1

Your spell library contained the following spells:

 Spells                   Type           Power      Damage    Failure   Level
 Wereblood                Tmut           7%         N/A       14%         2
 Spider Form              Tmut/Pois      4%         N/A       41%         3
 Ice Form                 Ice/Tmut       4%         N/A       82%         4


Dungeon Overview and Level Annotations

Branches:
Dungeon (1/15)

Altars:


Innate Abilities, Weirdness & Mutations

One of your tentacles has grown a beastly spike.
You cannot wear most types of armour.
You are amphibious.
You can wear up to eight rings at the same time.
Your skin changes colour to match your surroundings (Stealth+).
Your rubbery body absorbs attacks. (AC +1, EV +1)
((You are camouflaged when in or above water. (Stealth+)))
You have tentacles for arms and can constrict up to eight enemies at once.


Message History

A quokka is nearby!
A quokka is nearby!
You tentacle-slap the quokka. Your grab misses the quokka.
The quokka is moderately wounded.
The quokka bites you.
You miss the quokka. Your grab misses the quokka.
The quokka is moderately wounded.
The quokka closely misses you.
You tentacle-slap the quokka.
You kill the quokka!
There is an open door here.
You see here a quokka corpse.
You open the door.
There is an open door here.
There is an open door here.
As you open the door, it creaks loudly!
You see here a rat corpse.
A goblin comes into view. It is wielding a +4 dagger.
A goblin is nearby!
A goblin is nearby!
There is an open door here.
A goblin and a hobgoblin come into view.
The hobgoblin shouts!
One of your tentacles grows a vicious spike.
The goblin shouts!
Your transformation is almost over.
The goblin hits you with a +4 dagger. The goblin closely misses you.
You closely miss the goblin. Your grab misses the goblin.
Your tentacle spike misses the goblin.
The goblin hits you with a +4 dagger!
Ouch! That really hurt!
* * * LOW HITPOINT WARNING * * *
You tentacle-slap the goblin but do no damage.
Your grab misses the goblin.
Your tentacle spike misses the goblin.
The goblin barely misses you.
You completely miss the goblin. You grab the goblin.
You pierce the goblin.
You kill the goblin!
A goblin comes into view. It is wielding a +0 dagger.
The hobgoblin hits you.
You die...

####.....#....#+..
#.....#....#..#
###'#.#....#..#
###.#.#....#..#
####...#.#.#.....#
..##.............###
.#.#.##..#.........# .
#..##...........#..#+#..#
...#............@).8.8...
.☼.#.....########g.....g.
...#.##'###....##.....#..
...####.###....##.....#
.#.#..................#
..##.##.#†............#
###...................#
#######.#.............#
......#.....###+#.....#


You could see a hobgoblin and a goblin (wandering).

Vanquished Creatures
  2 goblins (D:1)
  A quokka (D:1)
  2 kobolds (D:1)
  2 rats (D:1)
7 creatures vanquished.

Notes
Turn   | Place    | Note
-------+----------+-------------------------------------------
     0 | D:1      | ytrimaz the Octopode Transmuter began the quest for the
                  | Orb.
     0 | D:1      | Reached XP level 1. HP: 13/13 MP: 3/3
   347 | D:1      | Slain by a hobgoblin

Illustrated notes

Levels and vault maps discovered:
D:1:      shiori_arrival_elements, layout_basic,
          dreamdust_ecumenical_altar_angels_and_demons, serial_shops, shop,
          palyth_stone_intersect

Action                   || total
-------------------------++-------
Melee: Unarmed           ||    18
       Constrict         ||     4
       Kick              ||     1
       Tentacles         ||     1
 Cast: Beastly Appendage ||     4
 Stab: Sleeping          ||     1
Armor: Skin              ||     1
Dodge: Dodged            ||     9

Table legend: (Time is in decaauts)
 A = Elapsed time spent in this place.
 B = Non-inter-level travel time spent in this place.
 C = Inter-level travel time spent in this place.
 D = Time resting spent in this place.
 E = Time spent auto-exploring this place.
 F = Levels seen in this place.
 G = Mean time per level.
                   A        B        C        D        E       F      G
               +--------+--------+--------+--------+--------+-----+--------+
         Total |    346 |    343 |      3 |      0 |    266 |   1 |  346.0 |
       Dungeon |    346 |    343 |      3 |      0 |    266 |   1 |  346.0 |
               +--------+--------+--------+--------+--------+-----+--------+

Top non-repeatable levels by time:
     D:1: 346 daAuts
